 Dungeon Crawl Stone Soup version 0.30-a0-782-ge64f9170bb (webtiles) character file.

Game seed: 11290539331489531057

385 Light the Cudgeller (level 7, -5/54 HPs)
             Began as a Human Fighter on Mar 17, 2023.
             Slain by Menkaure (12 damage)
             ... on level 4 of the Dungeon.
             The game lasted 00:08:24 (3363 turns).

Light the Cudgeller (Human Fighter)                 Turns: 3363, Time: 00:08:25

Health: -5/54      AC: 14    Str: 19    XL:     7   Next: 6%
Magic:  7/7        EV:  5    Int:  8    God:
Gold:   271        SH:  4    Dex: 12    Spells: 6/6 levels left

rFire   + + .      SeeInvis .    u - +0 mace
rCold   x . .      Faith    .    c - +0 buckler
rNeg    . . .      Spirit   .    y - +0 plate armour
rPois   .          Reflect  .    (no helmet)
rElec   .          Harm     .    (no cloak)
rCorr   .          Rampage  .    a - +0 pair of gloves
Will    .....                    e - +0 pair of boots Stlth
                                 d - amulet of regeneration
HPRegen 1.09/turn                o - ring of protection from fire
MPRegen 0.10/turn                x - ring of fire

@: no status effects
A: no striking features
a: no special abilities


You were on level 4 of the Dungeon.
You visited 1 branch of the dungeon, and saw 4 of its levels.

You collected 271 gold pieces.

Inventory:

Hand Weapons
 u - a +0 mace (weapon)
Armour
 a - a +0 pair of gloves (worn)
 c - a +0 buckler (worn)
 e - a +0 pair of boots (worn)
 y - a +0 plate armour (worn)
Jewellery
 d - an amulet of regeneration (around neck)
 o - a ring of protection from fire (left hand)
 x - a ring of fire (right hand)
Wands
 r - a wand of flame (11)
 s - a wand of acid (11)
Scrolls
 f - 7 scrolls of identify {unknown}
 g - 6 scrolls of teleportation {unknown}
 h - 4 scrolls of magic mapping {unknown}
 i - a scroll of amnesia {unknown}
 j - 2 scrolls of fog {unknown}
 k - a scroll of brand weapon {unknown}
 m - a scroll of blinking {unknown}
 n - a scroll of noise {unknown}
 q - 2 scrolls of vulnerability {unknown}
Potions
 l - a potion of cancellation
 p - 2 potions of brilliance {unknown}
 t - 2 potions of lignification {unknown}
 v - a potion of berserk rage {unknown}
 w - a potion of ambrosia


   Skills:
 + Level 4.0 Fighting
 + Level 4.6 Maces & Flails
 + Level 4.4 Armour
 + Level 1.5 Dodging
 + Level 3.6 Shields


You had 6 spell levels left.
You didn't know any spells.
Your spell library was empty.

Dungeon Overview and Level Annotations

Branches:
Dungeon (4/15)
 Temple: D:4-7

Altars:

Annotations:
D:4 Menkaure


Message History

y - a +0 plate armour You start removing your armour.
You continue taking off your +0 scale mail. x4
You finish taking off your +0 scale mail.
You start putting on your armour.
You continue putting on your +0 plate armour. x5
You finish putting on your +0 plate armour.
A hobgoblin comes into view.
The hobgoblin shouts!
The hobgoblin hits you but does no damage.
You sock the hobgoblin!
You kill the hobgoblin!
You see here a hobgoblin corpse.
You drop a +0 scale mail.
You enter the shallow water.
Moving in this stuff is going to be slow.
You enter the shallow water.
Moving in this stuff is going to be slow.
Menkaure, Prince of Dust comes into view.
Menkaure shouts!
You feel more attuned to fire.
x - a ring of fire (right hand) Menkaure calls on the powers of darkness!
Your body is wracked with pain!
Menkaure hits you.
You hit Menkaure.
Menkaure is lightly damaged.
Menkaure mumbles some strange words.
Menkaure seems to speed up.
You completely miss Menkaure.
Menkaure is lightly damaged.
Menkaure hits you!
You hit Menkaure but do no damage.
Menkaure is lightly damaged.
Menkaure completely misses you. Menkaure hits you!
* * * LOW HITPOINT WARNING * * *
You closely miss Menkaure.
Menkaure is lightly damaged.
Menkaure hits you!
You die...

### ##
...########## ..
#...........##
#.##.# #...# #..#
#....# #...# #M.#
#.#.###...###@.#
#..............# #
#............#
.#####............#
.......###...###..#
##.....# #...# #.)#
#.....###...###..#
#................#
#.......#..##....#


You could see Menkaure (fast).

Vanquished Creatures
  Pargi (D:3)
  A necrophage (D:4)
  2 iguanas
  Robin (D:3)
  3 adders
  An ufetubus (D:4)
  4 worms
  2 dart slugs
  8 orcs
  11 endoplasms
  7 giant cockroaches
  16 goblins
  19 hobgoblins
  4 jackals (D:2)
  2 quokkas (D:2)
  8 ball pythons
  4 bats
  2 frilled lizards (D:1)
  5 kobolds
  5 rats
106 creatures vanquished.

Notes
Turn   | Place    | Note
-------+----------+-------------------------------------------
     0 | D:1      | Light the Human Fighter began the quest for the Orb.
     0 | D:1      | Reached XP level 1. HP: 18/18 MP: 1/1
   134 | D:1      | Reached XP level 2. HP: 24/24 MP: 2/2
   502 | D:1      | Reached XP level 3. HP: 29/29 MP: 3/3
   897 | D:2      | Found a faded altar of an unknown god.
  1076 | D:2      | Reached XP level 4. HP: 31/35 MP: 4/4
  1398 | D:2      | Found Behopuk's Jewellery Boutique.
  1715 | D:3      | Noticed Pargi
  1736 | D:3      | Killed Pargi
  1737 | D:3      | Reached skill level 1 in Dodging
  1737 | D:3      | Reached XP level 5. HP: 11/42 MP: 5/5
  1895 | D:3      | Reached XP level 6. HP: 33/48 MP: 6/6
  1931 | D:3      | HP: 2/48 [poisoned by a goblin]
  2082 | D:3      | Noticed Robin
  2107 | D:3      | Killed Robin
  2985 | D:4      | Reached XP level 7. HP: 54/54 MP: 7/7
  3354 | D:4      | Noticed Menkaure
  3363 | D:4      | Slain by Menkaure

Illustrated notes

Levels and vault maps discovered:
D:1:      dpeg_arrival_lava_altar, layout_basic
D:2:      layout_loops_cross, serial_shops, shop_coins,
          nicolae_ecumenical_pavilion, chequers_serial_rivers_small_b,
          minmay_misc_feat_rows
D:3:      corexii_shack_village, layout_loops_ring, uniq_robin, uniq_pargi
D:4:      layout_loops_cross, minitemple, nicolae_overflow_hidden_temple,
          minmay_misc_feat_cross, chequers_serial_rivers_marsh,
          minmay_misc_feat_tiny, uniq_menkaure

Skill      XL: |  1  2  3  4  5  6 |
---------------+-------------------+-----
Maces & Flails | 3 4 |  4.6
Dodging        | 1 |  1.5
Armour         | 4 |  4.4
Fighting       | 4 |  4.0
Shields        | |  3.6

Action                     |  1- 3 |  4- 6 |  7- 9 || total
---------------------------+-------+-------+-------++-------
  Melee: Flail             |   113 |   132 |       ||   245
         Mace              |       |    74 |    27 ||   101
    Use: Potion            |       |     3 |       ||     3
 Armour: Scale mail        |    75 |   106 |    16 ||   197
         Plate armour      |       |       |     1 ||     1
  Dodge: Dodged            |    62 |    90 |    17 ||   169
  Block: Buckler           |    35 |    37 |     6 ||    78

Table legend: (Time is in decaauts)
 A = Elapsed time spent in this place.
 B = Non-inter-level travel time spent in this place.
 C = Inter-level travel time spent in this place.
 D = Time resting spent in this place.
 E = Time spent auto-exploring this place.
 F = Levels seen in this place.
 G = Mean time per level.
                   A        B        C        D        E       F      G
               +--------+--------+--------+--------+--------+-----+--------+
         Total |   3457 |   3319 |    138 |      0 |   2376 |   4 |  864.2 |
       Dungeon |   3457 |   3319 |    138 |      0 |   2376 |   4 |  864.2 |
               +--------+--------+--------+--------+--------+-----+--------+

Top non-repeatable levels by time:
     D:3: 1184 daAuts
     D:1: 928 daAuts
     D:2: 775 daAuts
     D:4: 569 daAuts
